AoeStats
← Technogun

Golden Pit

509406806Analyzed
1v1 RM · 4d ago on Sep 26, 2026· 50m 20s· 2 players
Game mode
Random Map
Map size
Tiny (2 player)
Population
200
Speed
Normal
Resources
Standard
Victory
Conquest
Starting age
Dark Age
Ending age
Imperial Age
RankedLock teamsTeams togetherTeam positionsShared explorationLock speedFull tech treeHidden civsTurbo modeCheats
Victory
Defeat
🇨🇳 Huns · China
1190
+16
🇮🇳 Koreans · India
1194
-16
口子哥
5:59 Loom
9:02 Feudal Age
15:41 Fletching
16:59 Padded Archer Armor
21:13 Double-Bit Axe
27:34 Castle Age
26:18 Scale Barding Armor
26:01 Horse Collar
27:14 Forging
27:18 Bloodlines
27:37 Elite Skirmisher
29:46 Bodkin Arrow
31:54 Leather Archer Armor
34:07 Wheelbarrow
39:19 Imperial Age
38:29 Iron Casting
38:15 Chain Barding Armor
39:42 Husbandry
40:00 Town Watch
39:54 Cavalier
39:55 Light Cavalry
42:03 Blast Furnace
42:25 Conscription
44:03 Plate Barding Armor
45:08 Paladin
46:47 Hand Cart
47:45 Bow Saw
50:12 Bracer
51:22 Two-Man Saw
50:24 Heavy Plow
Technogun
5:35 Loom
10:35 Feudal Age
11:07 Double-Bit Axe
16:37 Wheelbarrow
16:20 Horse Collar
17:09 Fletching
23:43 Castle Age
23:13 Stone Mining
24:29 Bodkin Arrow
24:31 Man-at-Arms
24:37 Crossbowman
33:33 Thumb Ring
36:39 Gold Mining
36:57 Town Watch
41:27 Imperial Age
40:37 Gold Shaft Mining
40:48 Hand Cart
41:06 Ballistics
40:58 Masonry
41:48 Husbandry
42:56 Scale Barding Armor
43:25 Bracer
44:25 Conscription
45:12 Chemistry
46:31 Stone Shaft Mining
46:47 Architecture
47:16 Light Cavalry
47:55 Arbalester
Connection lost

Rejoining the realm…

Still unreachable

The connection could not be restored.

Session expired

The server has moved on; the page needs a fresh start.